 Dungeon Crawl Stone Soup version 0.30-a0-777-ga9a30cbeda (webtiles) character file.

Game seed: 16282673482157494852

94084 Newt the Basher (level 15, -19/115 HPs)
             Began as a Demonspawn Gladiator on Feb 14, 2023.
             Was an Initiate of Gozag.
             Killed from afar by an eleionoma (33 damage)
             ... with a spray of wooden splinters
             ... on level 3 of the Swamp.
             The game lasted 00:38:28 (28041 turns).

Newt the Basher (Demonspawn Gladiator)             Turns: 28041, Time: 00:38:28

Health: -19/115    AC: 29    Str: 19    XL:     15   Next: 62%
Magic:  0/22       EV:  6    Int: 16    God:    Gozag
Gold:   2434       SH: 19    Dex: 20    Spells: 23/24 levels left

rFire   + . .      SeeInvis .    I - +8 mace "Ceupratzy" {flame, rF+ Stlth+}
rCold   . . .      Faith    .    H - +1 tower shield
rNeg    . . .      Spirit   +    k - +13 chain mail of Grace {*Corrode rElec Int+5 Dex-4}
rPois   +          Reflect  .    (helmet restricted)
rElec   +          Harm     .    A - +2 cloak
rCorr   .          Rampage  .    (no gloves)
Will    +....                    (no boots)
Stlth   ++                       o - amulet of guardian spirit
HPRegen 0.39/turn                a - +4 ring of slaying
MPRegen 0.18/turn                t - ring of poison resistance

@: gold aura, hasted, studying Ice Magic, slow
A: horns 2, thin skeletal structure 3, demonic guardian 1, foul stench 3, agile
1, shaggy fur 1
a: Renounce Religion, Potion Petition, Call Merchant, Bribe Branch


You were on level 3 of the Swamp.
You worshipped Gozag.
Gozag was most pleased with you.
You visited 4 branches of the dungeon, and saw 21 of its levels.
You also visited: Ice Cave.

You collected 8082 gold pieces.
You spent 3909 gold pieces at shops.
You paid 1739 gold pieces to Gozag.

Inventory:

Hand Weapons
 c - a +4 demon whip of freezing
 i - a +6 flail
 I - the +8 mace "Ceupratzy" (weapon) {flame, rF+ Stlth+}
   (You bought it in a shop on level 2 of the Orcish Mines)

   rF:        It protects you from fire.
   Stlth:     It makes you more stealthy.
Missiles
 d - 4 throwing nets
 e - 8 javelins
 r - 5 datura-tipped darts
 s - 22 poisoned darts
 B - 4 atropa-tipped darts
 R - 25 boomerangs (quivered)
Armour
 k - the +13 chain mail of Grace (worn) {*Corrode rElec Int+5 Dex-4}
   (You took it off a hobgoblin on level 2 of the Dungeon)

   Int:       It affects your intelligence (+5).
   Dex:       It affects your dexterity (-4).
   rElec:     It insulates you from electricity.
   *Corrode:  It may corrode you when you take damage.
 A - a +2 cloak (worn)
 H - a +1 tower shield (worn)
Jewellery
 a - a +4 ring of slaying (left hand)
 o - an amulet of guardian spirit (around neck)
 p - a +5 ring of evasion
 q - the amulet of Naki {Faith +Inv rF+ Str-5}
   (You found it in an ice cave)

   [amulet of faith]

   It allows you to gain divine favour quickly.
   Str:       It affects your strength (-5).
   rF:        It protects you from fire.
   +Inv:      It lets you turn invisible.
 t - a ring of poison resistance (right hand)
 u - a ring of protection from cold
 v - a ring of magical power
Wands
 j - a wand of roots (4)
 l - a wand of paralysis (26)
 y - a wand of mindburst (9)
 F - a wand of light (5)
 J - a wand of flame (32)
 T - a wand of polymorph (5)
 W - a wand of digging (1)
Scrolls
 x - 4 scrolls of amnesia
 z - a scroll of poison
 L - a scroll of fear
 M - 6 scrolls of teleportation
 O - 8 scrolls of identify
 P - a scroll of blinking
Potions
 f - 2 potions of attraction
 g - a potion of mutation
 h - 4 potions of curing
 m - 3 potions of brilliance
 n - 6 potions of lignification
 E - a potion of ambrosia
 G - 4 potions of cancellation
 K - 2 potions of invisibility
 N - a potion of haste
 Q - 3 potions of magic
 S - 2 potions of might
 X - 3 potions of resistance
 Z - 2 potions of flight
Miscellaneous
 b - a phantom mirror
 D - a phial of floods


   Skills:
 - Level 10.0 Fighting
 - Level 2.6 Short Blades
 - Level 14.0 Maces & Flails
 + Level 11.0 Throwing
 - Level 10.0 Armour
 - Level 2.6 Dodging
 - Level 10.0 Shields
 - Level 5.0 Spellcasting
 - Level 3.0 Summonings
 - Level 10.0 Evocations


You had 23 spell levels left.
You knew the following spells:

 Your Spells              Type           Power      Damage    Failure   Level
a - Summon Small Mammal   Summ           52%        N/A       91%         1

Your spell library contained the following spells:

 Spells                   Type           Power      Damage    Failure   Level
 Kiss of Death            Conj/Necr      16%        2d6       100%        1
 Necrotise                Necr           16%        1d4       100%        1
 Blink                    Tloc           8%         N/A       100%        2
 Lesser Beckoning         Tloc           8%         N/A       100%        2
 Call Canine Familiar     Summ           13%        N/A       100%        3
 Confusing Touch          Hex            4%         N/A       100%        3
 Frozen Ramparts          Ice            8%         1d2       100%        3
 Gell's Gravitas          Tloc           4%         N/A       100%        3
 Inner Flame              Hex/Fire       4%         N/A       100%        3
 Kindle Blastsparks       Fire/Tloc/Air  8%         2d10      100%        3
 Ozocubu's Armour         Ice            4%         N/A       100%        3
 Summon Guardian Golem    Hex/Summ       8%         N/A       100%        3
 Teleport Other           Tloc           4%         N/A       100%        3
 Vampiric Draining        Necr           4%         2d6       100%        3
 Cause Fear               Hex            2%         N/A       100%        4
 Dispel Undead            Necr           4%         3d7       100%        4
 Fulminant Prism          Conj/Hex       2%         3d5       100%        4
 Iskenderun's Mystic Bla  Conj/Tloc      4%         2d3       100%        4
 Leda's Liquefaction      Hex/Erth       2%         N/A       100%        4
 Manifold Assault         Tloc           4%         N/A       100%        4
 Agony                    Necr           4%         N/A       100%        5
 Lee's Rapid Deconstruct  Erth           2%         3d4*      100%        5
 Metabolic Englaciation   Hex/Ice        2%         N/A       100%        5
 Yara's Violent Unravell  Hex/Tmut       2%         3d3       100%        5
 Statue Form              Tmut/Erth      2%         N/A       100%        6
 Enfeeble                 Hex            2%         N/A       100%        7
 Orb of Destruction       Conj           2%         9d5       100%        7
 Ozocubu's Refrigeration  Ice            2%         4d7       100%        7
 Spellforged Servitor     Conj/Summ      4%         N/A       100%        7
 Storm Form               Tmut/Air       2%         N/A       100%        7
 Discord                  Hex            2%         N/A       100%        8
 Simulacrum               Ice/Necr       Unusable   N/A       N/A         6

Dungeon Overview and Level Annotations

Branches:
Dungeon (11/15)            Temple (0/1) D:6            Lair (5/5) D:8
  Swamp (3/4) Lair:3        Snake (0/4) Lair:2          Orc (2/2) D:11
    Elf (0/3) Orc:2         IceCv (visited)
  Slime: Lair:4-5

Altars:
Ashenzari
Gozag
Hepliaklqana
Makhleb
Ru
Sif Muna
Trog
Wu Jian
Yredelemnul
Jiyva

Shops:
D:4 **   D:7 *   D:8 ?   D:9 *?   Orc:1 *   Orc:2 *!=(

Annotations:
Lair:5 exclusion: 4 oklob plants
Swamp:1 2 transporters, exclusion: orange crystal statue


Innate Abilities, Weirdness & Mutations

You have a pair of horns on your head.
You have an unnaturally thin skeletal structure. (Dex +6, Stealth+++)
A weak demonic guardian rushes to your aid.
You frequently emit foul miasma when damaged in melee.
You are agile. (Dex +4, Str/Int -1)
You are covered in fur. (AC +1)


Message History

* * * LOW HITPOINT WARNING * * *
A demonic guardian appears!
You feel much better.
The spriggan druid hits you but does no damage.
You block the eleionoma's attack.
The will-o-the-wisp gestures.
The will-o-the-wisp conjures some foxfire!
Your orange demon splashes around in the water. 2 foxfires come into view.
Your unstable footing causes you to fumble your attack.
The foxfire hits you. You resist.
* * * LOW HITPOINT WARNING * * *
The foxfire hits you but does no damage.
You resist.
The spriggan druid splashes around in the water.
The eleionoma hurls a spray of splinters at you.
The spray of wooden splinters hits you!!
* * * LOW HITPOINT WARNING * * *
You block the will-o-the-wisp's attack.
Your orange demon splashes around in the water.
You miss the spriggan druid.
Your headbutt misses the spriggan druid.
The spriggan druid is severely wounded.
You block the eleionoma's attack.
The spriggan druid splashes around in the water.
The will-o-the-wisp barely misses you.
You thump the spriggan druid! You burn the spriggan druid.
You kill the spriggan druid!
You hear a splash. x4
Your orange demon completely misses the will-o-the-wisp.
You block the eleionoma's attack. The will-o-the-wisp barely misses you.
Your Throwing skill increases to level 11!
Unknown command.
Okay, then.
You feel yourself speed up.
Your orange demon splashes around in the water.
The eleionoma hurls a spray of splinters at you.
The spray of wooden splinters hits you!!!
You die...
Your body crumbles into a pile of gold.

~~~< ...~
~~♣~>.~.~.♣..♣
~.~~
~~♣~♣~~~~....♣♣
~~~~
.~...♣§~~~~~§.♣♣♣
~~..
~~$~.~~~~.~~~~§..
~~~~
.~~~~.~.~.~~..~♣.
~.~
~~~~~~~~~~.~~~.~~
♣~~.~~v§~....~~
♣~$@4~§~~~.
~~§~.~§~R§~~~§..♣
~~~~~.~~~.$.~..♣♣
.~~♣♣~§§~~~~~§♣♣
~. .~~.~.~.♣.~♣ $
§.~~.~~♣.~.♣♣
~~~~.~~~~~~~♣
§~~.♣♣.~~.♣.♣


You could see an eleionoma, a will-o-the-wisp (ally target) and a friendly
orange demon (summoned).

Vanquished Creatures
  A tentacled monstrosity (Swamp:1)
  A thorn hunter (Swamp:3)
  Aizul (Swamp:1)
  The ghost of ParallaxScroll the Fencer, a journeyman DrFi of Makhleb (Swamp:1)
  2 orc warlords (Orc:1)
  2 eleionomae
  Nessos (Orc:2)
  A bunyip (Swamp:1)
  A dire elephant (Lair:5)
  Josephine (Lair:4)
  6 hydras
  A ghost crab (Swamp:1)
  3 ogre magi (Orc:2)
  An ice dragon (IceCv)
  A merfolk avatar (Lair:5)
  A boulder beetle (Lair:5)
  14 two-headed ogres (Orc:2)
  An alligator (Swamp:1)
  Erica (D:9)
  9 death yaks
  The ghost of FalseProphet the Cleaver, a novice DsGl of Makhleb (D:7)
  3 goliath frogs
  2 skysharks (Lair:2)
  5 bog bodies
  A swamp dragon (Swamp:1)
  A spriggan druid (Swamp:3)
  2 orc knights
  A harpy (Lair:5)
  2 orc sorcerers
  2 will-o-the-wisps (Swamp:1)
  A cyclops (D:11)
  5 black mambas
  15 elephants
  2 manticores
  A gargoyle (D:11)
  Joseph (D:8)
  2 ice statues (IceCv)
  Maurice (D:9)
  9 cane toads
  2 torpor snails
  5 rime drakes
  An unseen horror (D:10)
  6 komodo dragons
  5 trolls
  5 hornets
  A bloated husk (Swamp:3)
  2 tyrant leeches
  2 snapping turtles (Lair:5)
  20 blink frogs
  Sigmund (D:2)
  2 spriggans
  A shadow (D:11)
  4 wraiths
  65 yaks
  5 wyverns
  A human (D:3)
  A basilisk (Lair:4)
  A steam dragon (D:10)
  9 wargs
  3 nagas (Lair:2)
  6 swamp worms
  21 water moccasins
  Edmund (D:6)
  27 orc warriors
  An ice beast (D:7)
  4 black bears
  3 sky beasts
  14 wolves
  5 centaurs
  26 ogres
  A phantom (D:5)
  4 kobold brigands
  18 bullfrogs
  A necrophage (D:4)
  A gnoll sergeant (D:8)
  2 two-headed ogre simulacra (D:11)
  4 lindwurm simulacra (IceCv)
  9 electric eels
  4 howler monkeys
  7 hounds
  6 komodo dragon simulacra (IceCv)
  Crazy Yiuf (D:5)
  21 orc priests
  A jelly (D:5)
  3 iguanas
  18 orc wizards
  2 troll simulacra (D:11)
  A spriggan simulacrum (D:11)
  13 gnolls
  4 acid dragon simulacra (IceCv)
  A naga simulacrum (D:11)
  9 adders
  3 shadow imps
  A white imp (D:7)
  An ufetubus (D:6)
  7 steam dragon simulacra (IceCv)
  4 worms
  2 dart slugs
  62 orcs
  6 endoplasms
  6 giant cockroaches
  6 goblins
  9 hobgoblins
  24 kobolds
  7 quokkas
  10 ball pythons
  4 bats
  4 frilled lizards (D:1)
  3 rats (D:1)
  A spectral hobgoblin (D:11)
648 creatures vanquished.

Vanquished Creatures (collateral kills)
  A hydra (Lair:3)
  An ogre mage (Orc:2)
  A goliath frog (Swamp:1)
  A will-o-the-wisp (Swamp:2)
  A rime drake (Lair:5)
  A tyrant leech (Swamp:2)
  A blink frog (Lair:1)
  A yak (Lair:4)
  A steam dragon (Lair:5)
  An orc warrior (D:8)
  2 ogres (Orc:2)
12 creatures vanquished.

Vanquished Creatures (others)
  A hydra (Swamp:3)
  A goliath frog (Swamp:3)
  A bloated husk (Swamp:3)
  35 foxfires
  22 fungi
  34 plants
94 creatures vanquished.

Grand Total: 754 creatures vanquished

Notes
Turn   | Place    | Note
-------+----------+-------------------------------------------
     0 | D:1      | Newt the Demonspawn Gladiator began the quest for the Orb.
     0 | D:1      | Reached XP level 1. HP: 16/16 MP: 1/1
   139 | D:1      | Gained mutation: You may rarely emit foul miasma when
                  | damaged in melee. [demonic ancestry]
   139 | D:1      | Reached XP level 2. HP: 23/23 MP: 2/2
   524 | D:1      | Gained mutation: You have a somewhat thin skeletal
                  | structure. (Dex +2, Stealth+) [demonic ancestry]
   524 | D:1      | Reached XP level 3. HP: 14/29 MP: 3/3
  1269 | D:2      | Learned a level 1 spell: Summon Small Mammal
  1468 | D:2      | Gained mutation: You have a pair of small horns on your
                  | head. [demonic ancestry]
  1468 | D:2      | Reached XP level 4. HP: 38/38 MP: 4/4
  1506 | D:2      | Reached skill level 5 in Fighting
  1762 | D:2      | Noticed Sigmund
  1771 | D:2      | Killed Sigmund
  1772 | D:2      | Gained mutation: A weak demonic guardian rushes to your
                  | aid. [demonic ancestry]
  1772 | D:2      | Reached XP level 5. HP: 25/44 MP: 5/5
  1772 | D:2      | Reached XP level 6. HP: 29/51 MP: 6/6
  1878 | D:2      | Identified the +13 chain mail of Grace {*Corrode rElec
                  | Int+5 Dex-4}
  2934 | D:3      | Found a runed translucent door.
  2936 | D:3      | Noticed a human
  2939 | D:3      | Found a basalt altar of Yredelemnul.
  3135 | D:3      | Killed a human
  3447 | D:4      | Found an opulent altar of Gozag.
  3448 | D:4      | Found Gozag's Platinum Reserve.
  3463 | D:4      | Became a worshipper of Gozag Ym Sagoz the Greedy
  3538 | D:4      | Reached XP level 7. HP: 34/56 MP: 3/7
  3666 | D:4      | Reached skill level 5 in Throwing
  3666 | D:4      | Reached skill level 1 in Maces & Flails
  3850 | D:4      | Reached skill level 2 in Maces & Flails
  4003 | D:4      | Found Feipn's Assorted Antiques.
  4006 | D:4      | Bought a shiny agate ring for 115 gold pieces
  4006 | D:4      | Bought a dark potion for 20 gold pieces
  4083 | D:5      | Entered Level 5 of the Dungeon
  4089 | D:5      | Reached skill level 3 in Maces & Flails
  4200 | D:5      | Reached skill level 4 in Maces & Flails
  4423 | D:5      | Gained mutation: You sometimes emit foul miasma when
                  | damaged in melee. [demonic ancestry]
  4423 | D:5      | Reached XP level 8. HP: 59/62 MP: 8/8
  4545 | D:5      | Reached skill level 5 in Maces & Flails
  4665 | D:5      | Found a runed translucent door.
  4666 | D:5      | Noticed Crazy Yiuf
  4673 | D:5      | Killed Crazy Yiuf
  4764 | D:6      | Noticed Edmund
  4777 | D:6      | Killed Edmund
  4784 | D:6      | Reached skill level 6 in Maces & Flails
  5046 | D:6      | Reached skill level 7 in Maces & Flails
  5175 | D:6      | Found a staircase to the Ecumenical Temple.
  5427 | D:6      | Reached skill level 8 in Maces & Flails
  5478 | D:6      | Gained mutation: You have a pair of horns on your head.
                  | [demonic ancestry]
  5478 | D:6      | Reached XP level 9. HP: 65/68 MP: 9/9
  5996 | D:7      | Found an ornate altar of the Wu Jian Council.
  6131 | D:7      | Reached skill level 9 in Maces & Flails
  6453 | D:7      | Found Gushroam's Assorted Antiques.
  6539 | D:7      | Bought a scroll of identify for 54 gold pieces
  6539 | D:7      | Bought a dark potion for 24 gold pieces
  6539 | D:7      | Bought an encrusted leather armour for 189 gold pieces
  6539 | D:7      | Identified the +3 leather armour of the Crypt {rElec rC+}
                  | (You bought it in a shop on level 7 of the Dungeon)
  6596 | D:7      | Reached skill level 10 in Maces & Flails
  6666 | D:7      | Reached skill level 1 in Evocations
  6714 | D:7      | Identified the +3 spear of Generosity {drain, rN++}
  6811 | D:7      | Found a burning altar of Makhleb.
  6899 | D:7      | Found a large runed translucent door.
  6903 | D:7      | Found a large runed translucent door.
  6903 | D:7      | Noticed FalseProphet's ghost (novice DsGl)
  7258 | D:7      | Killed FalseProphet's ghost
  7259 | D:7      | Reached skill level 5 in Evocations
  7324 | D:8      | Gained mutation: You have a moderately thin skeletal
                  | structure. (Dex +4, Stealth++) [demonic ancestry]
  7324 | D:8      | Reached XP level 10. HP: 73/74 MP: 10/10
  7477 | D:8      | Reached skill level 1 in Armour
  7579 | D:8      | Found Puujul's Magic Scroll Emporium.
  7656 | D:8      | Bought a scroll of identify for 28 gold pieces
  7656 | D:8      | Bought a scroll of magic mapping for 105 gold pieces
  7774 | D:8      | Noticed Joseph
  7787 | D:8      | Paralysed by Joseph for 2 turns
  7789 | D:8      | Killed Joseph
  7790 | D:8      | Reached skill level 5 in Armour
  8016 | D:8      | Found a staircase to the Lair.
  8326 | Lair:1   | Entered Level 1 of the Lair of Beasts
  8941 | Lair:1   | Noticed a torpor snail
  8969 | Lair:1   | Killed a torpor snail
  8981 | Lair:1   | Reached XP level 11. HP: 64/79 MP: 11/11
  9809 | Lair:2   | Gained mutation: You are covered in fur. (AC +1) [potion of
                  | mutation]
  9809 | Lair:2   | Gained mutation: You are agile. (Dex +4, Str/Int -1)
                  | [potion of mutation]
 10087 | Lair:1   | Reached skill level 10 in Armour
 10233 | Lair:2   | Reached skill level 1 in Spellcasting
 10500 | Lair:2   | Noticed a skyshark
 10516 | Lair:2   | Killed a skyshark
 10526 | Lair:2   | Identified the +7 trident of Qokates {speed, MP+9 Int-5
                  | Dex+4}
 10628 | Lair:2   | Reached skill level 5 in Spellcasting
 10890 | Lair:2   | Found a staircase to the Snake Pit.
 11161 | Lair:2   | Noticed a skyshark
 11184 | Lair:2   | Killed a skyshark
 11269 | Lair:2   | Gained mutation: You have an unnaturally thin skeletal
                  | structure. (Dex +6, Stealth+++) [demonic ancestry]
 11269 | Lair:2   | Reached XP level 12. HP: 22/91 MP: 11/19
 12042 | Lair:3   | Found a staircase to the Swamp.
 12320 | Lair:3   | Identified the +2 shortbow of Faoski {drain, rN+ Int+3}
 12502 | Lair:3   | Noticed a seven-headed hydra
 12511 | Lair:3   | Killed a seven-headed hydra
 12512 | Lair:3   | Reached skill level 10 in Fighting
 12670 | Lair:3   | Noticed a death yak
 12670 | Lair:3   | Noticed a death yak
 12670 | Lair:3   | Noticed a death yak
 12671 | Lair:3   | Noticed a death yak
 12674 | Lair:3   | Noticed a death yak
 12684 | Lair:3   | Killed a death yak
 12701 | Lair:3   | Killed a death yak
 12704 | Lair:3   | Killed a death yak
 12718 | Lair:3   | Killed a death yak
 12719 | Lair:3   | Reached skill level 11 in Maces & Flails
 12731 | Lair:3   | Killed a death yak
 13550 | Lair:4   | Reached skill level 12 in Maces & Flails
 13815 | Lair:4   | Reached XP level 13. HP: 83/103 MP: 20/20
 14144 | Lair:4   | Noticed Josephine
 14155 | Lair:4   | Killed Josephine
 14156 | Lair:4   | Reached skill level 13 in Maces & Flails
 14638 | Lair:5   | Entered Level 5 of the Lair of Beasts
 15063 | Lair:5   | Noticed a dire elephant
 15146 | Lair:5   | Killed a dire elephant
 15456 | Lair:5   | Reached skill level 14 in Maces & Flails
 16769 | Lair:5   | Reached skill level 10 in Evocations
 17012 | Lair:5   | Identified the +5 spear of Xudghasykh {flame, *Corrode
                  | rC+++ Will+ Dex+4}
 17090 | Lair:5   | Gained mutation: You frequently emit foul miasma when
                  | damaged in melee. [demonic ancestry]
 17090 | Lair:5   | Reached XP level 14. HP: 68/110 MP: 21/21
 17420 | Lair:5   | Found a viscous altar of Jiyva.
 17972 | D:9      | Noticed Erica
 17987 | D:9      | Killed Erica
 18340 | D:9      | Noticed Maurice
 18353 | D:9      | Killed Maurice
 18526 | D:9      | Bought a scroll of teleportation for 45 gold pieces
 18528 | D:9      | Bought a scroll of enchant weapon for 75 gold pieces
 18528 | D:9      | Bought a scroll of enchant weapon for 75 gold pieces
 18528 | D:9      | Bought a scroll of enchant armour for 75 gold pieces
 18528 | D:9      | Bought a scroll of teleportation for 30 gold pieces
 18928 | D:10     | Entered Level 10 of the Dungeon
 19678 | D:10     | Found a broken altar of Ashenzari.
 19678 | D:10     | Found a bloodstained altar of Trog.
 19734 | D:10     | Found a sacrificial altar of Ru.
 19735 | D:10     | Found a shimmering blue altar of Sif Muna.
 19967 | D:11     | Found a frozen archway.
 19978 | D:11     | Found a staircase to the Orcish Mines.
 19990 | IceCv    | Entered an ice cave
 20622 | IceCv    | Got the Folio of Frostbite
 20639 | IceCv    | Identified the amulet of Naki {Faith +Inv rF+ Str-5}
 20922 | D:11     | Found a hazy altar of Hepliaklqana.
 21958 | Orc:1    | Entered Level 1 of the Orcish Mines
 22262 | Orc:1    | Found Puvvic's Practical Paraphernalia.
 22279 | Orc:1    | Bought a phantom mirror for 520 gold pieces
 22279 | Orc:1    | Bought a phial of floods for 520 gold pieces
 22318 | Orc:2    | Entered Level 2 of the Orcish Mines
 22351 | Orc:2    | Noticed an orc warlord
 22871 | Orc:1    | Killed an orc warlord
 23071 | Orc:2    | Noticed an orc warlord
 23116 | Orc:1    | Killed an orc warlord
 23117 | Orc:1    | Reached skill level 10 in Throwing
 23176 | Orc:2    | Reached skill level 1 in Shields
 23453 | Orc:2    | Noticed Nessos
 23468 | Orc:2    | Killed Nessos
 23495 | Orc:2    | Paralysed by something for 3 turns
 23509 | Orc:2    | Found Ynehoqes's Distillery.
 23509 | Orc:2    | Found Jumept's Antique Weapon Boutique.
 23509 | Orc:2    | Found Cam Jumor's General Store.
 23509 | Orc:2    | Found Ownesch's Jewellery Shoppe.
 23926 | Orc:2    | Reached skill level 5 in Shields
 24181 | Orc:2    | Reached XP level 15. HP: 33/115 MP: 4/22
 24427 | Orc:2    | Found a staircase to the Elven Halls.
 24640 | Orc:2    | Bought a +4 ring of slaying for 1170 gold pieces
 24643 | Orc:2    | Bought a transparent mace for 280 gold pieces
 24643 | Orc:2    | Identified the +8 mace "Ceupratzy" {flame, rF+ Stlth+} (You
                  | bought it in a shop on level 2 of the Orcish Mines)
 24645 | Orc:2    | Bought 2 potions of invisibility for 224 gold pieces
 24645 | Orc:2    | Bought 2 potions of haste for 280 gold pieces
 24646 | Orc:2    | Bought a potion of heal wounds for 80 gold pieces
 25105 | Swamp:1  | Entered Level 1 of the Swamp
 25333 | Swamp:1  | Found a runed translucent door.
 25333 | Swamp:1  | Noticed ParallaxScroll's ghost (journeyman DrFi)
 25340 | Swamp:1  | Noticed a tentacled monstrosity
 25605 | Swamp:1  | Killed ParallaxScroll's ghost
 25740 | Swamp:1  | Identified the ring "Iwea" {rN+ Str+2 SInv}
 25741 | Swamp:1  | Found a transporter.
 25741 | Swamp:1  | Found a transporter.
 25741 | Swamp:1  | Noticed a thorn hunter
 25743 | Swamp:1  | Noticed a tentacled monstrosity
 25744 | Swamp:1  | Noticed a thorn hunter
 25843 | Swamp:1  | Noticed Aizul
 26118 | Swamp:1  | Killed Aizul
 26738 | Swamp:1  | Noticed a tentacled monstrosity
 26752 | Swamp:1  | Killed a tentacled monstrosity
 27182 | Swamp:2  | Reached skill level 10 in Shields
 27873 | Swamp:2  | You fall into a shaft and drop 1 floor!
 27873 | Swamp:3  | Noticed a thorn hunter
 27881 | Swamp:3  | Killed a thorn hunter
 28008 | Swamp:3  | Noticed a fenstrider witch
 28041 | Swamp:3  | Killed from afar by an eleionoma

Illustrated notes

Levels and vault maps discovered:
D:1:      lemuel_arrival_hallway, layout_basic, serial_glass, glass_columns_b,
          glass_columns_a, minmay_strange_pillars, minmay_distorted
D:2:      minmay_diamond_boxcup, layout_loops_ring, uniq_sigmund
D:3:      layout_basic, dk_yredelemnul_ordeal, kennysheep_generic_room_13
D:4:      layout_loops_cross, nicolae_gozag_zags_fifth_avenue, serial_shops,
          nicolae_shop_behind_doors, minmay_pentangle
D:5:      layout_rooms, hangedman_abyss_or_decor_stagger,
          hangedman_decor_clover_reticule, uniq_crazy_yiuf_cottage
D:6:      layout_basic, minmay_temple_entry_crystal_x, uniq_edmund
D:7:      layout_loops_ring, nicolae_wu_jian_immortal_techniques,
          makhleb_heckhound_becter, serial_shops, nicolae_shop_advertising_works
          [nicolae_subvault_shop_adworks], ebering_ghost_disaster_area
D:8:      layout_loops_ring, grunt_lair_entry_orc_guard_hut, serial_shops,
          shop_fountains, uniq_joseph
D:9:      layout_gridville, uniq_erica, uniq_maurice
D:10:     layout_loops_cross, minitemple, gammafunk_temple_overflow_statue,
          grunt_ministairs_15
D:11:     layout_basic, david_orc_2, special_room [special_room_orc],
          portal_ice_cave_entry_ice_simulacra, serial_bayou_ford_a,
          nicolae_hepliaklqana_monster_ancestors
Lair:1:   layout_long_grid, grunt_megastairs_5, infiniplex_staircase_pool_2,
          serial_bayou_shore_b, lemuel_fruit_fields
Lair:2:   layout_big_grid, nicolae_snake_entry_squirm
Lair:3:   layout_gridlike, minmay_swamp_entry_eels, st_stairs_5, minivault_23,
          nicolae_lair_grove_arrangements, fungi_pond_lemuel
Lair:4:   layout_hall_layers, cheibrodos_lair_caveside_slide,
          grunt_megastairs_3, uniq_josephine
Lair:5:   gammafunk_lair_ancient_temple, layout_layer_cave,
          minmay_slime_entry_oklob_enclosed
Swamp:1:  gammafunk_sealed_arena, layout_falls_marsh, gammafunk_ghost_grave,
          serial_swamp_ruin, evilmike_swamp_ruin_rubble_2,
          evilmike_swamp_ruin_house_1, uniq_aizul
Swamp:2:  layout_basic_swamp, evilmike_swamp_ruin_house_4, st_shrine_of_shade
Swamp:3:  layout_falls_marsh, nicolae_swamp_tree_designs
Orc:1:    layout_caves, nicolae_alphabet_shops
Orc:2:    st_orc_ogre_mass, layout_caves, basic_altar,
          nicolae_orc_sculptors_studio, uniq_nessos

Skill      XL: |  1  2  3  4  5  6  7  8  9 10 11 12 13 14 15 |
---------------+----------------------------------------------+-----
Fighting       | 3 4 5 7 10 | 10.0
Summonings     | 3 |  3.0
Throwing       | 2 4 5 10 11 | 11.0
Maces & Flails | 4 8 10 12 14 | 14.0
Evocations     | 5 6 10 | 10.0
Armour         | 8 10 | 10.0
Spellcasting   | 5 |  5.0
Shields        | 6 10 | 10.0
Short Blades   | |  2.6
Dodging        | |  2.6

Action                     |  1- 3 |  4- 6 |  7- 9 | 10-12 | 13-15 || total
---------------------------+-------+-------+-------+-------+-------++-------
  Melee: Rapier            |    77 |       |       |       |       ||    77
         Flail             |    25 |    98 |   302 |   769 |  1008 ||  2202
         Headbutt          |       |    19 |    41 |   220 |   518 ||   798
         Punch             |       |     2 |     1 |    12 |    20 ||    35
         Demon whip        |       |       |       |       |   467 ||   467
         Mace              |       |       |       |       |   230 ||   230
  Throw: Throwing net      |       |     2 |     1 |       |     5 ||     8
         Dart              |       |       |     2 |    15 |     5 ||    22
         Boomerang         |       |       |       |    10 |    67 ||    77
         Javelin           |       |       |       |     1 |     1 ||     2
 Invoke: Call Merchant     |       |       |       |       |     2 ||     2
  Evoke: Wand              |       |       |     1 |    11 |    15 ||    27
    Use: Scroll            |     1 |     7 |     9 |     6 |    14 ||    37
         Potion            |       |     1 |     7 |     3 |    10 ||    21
   Stab: Sleeping          |     3 |     4 |       |       |     3 ||    10
         Held in net/web   |       |     2 |       |       |     1 ||     3
         Distracted        |       |     1 |     1 |     4 |     7 ||    13
         Invisible         |       |       |       |     2 |     9 ||    11
         Paralysed         |       |       |       |       |     8 ||     8
 Armour: Leather armour    |    22 |     3 |       |       |       ||    25
         Chain mail        |       |    31 |   268 |   553 |  1015 ||  1867
  Dodge: Dodged            |    70 |    43 |    95 |   591 |   951 ||  1750
  Block: Tower shield      |       |       |       |       |   367 ||   367

Table legend: (Time is in decaauts)
 A = Elapsed time spent in this place.
 B = Non-inter-level travel time spent in this place.
 C = Inter-level travel time spent in this place.
 D = Time resting spent in this place.
 E = Time spent auto-exploring this place.
 F = Levels seen in this place.
 G = Mean time per level.
                   A        B        C        D        E       F      G
               +--------+--------+--------+--------+--------+-----+--------+
         Total |  27788 |  26725 |   1063 |   6133 |  15644 |  22 | 1263.1 |
       Dungeon |  11831 |  11138 |    693 |   1108 |   8121 |  11 | 1075.5 |
          Lair |   9601 |   9339 |    262 |   2471 |   5133 |   5 | 1920.2 |
         Swamp |   2787 |   2758 |     29 |   1278 |    971 |   3 |  929.0 |
  Orcish Mines |   2883 |   2805 |     78 |   1058 |   1153 |   2 | 1441.5 |
      Ice Cave |    685 |    685 |      0 |    217 |    264 |   1 |  685.0 |
               +--------+--------+--------+--------+--------+-----+--------+

Top non-repeatable levels by time:
  Lair:5: 2495 daAuts
  Lair:1: 1904 daAuts
 Swamp:1: 1903 daAuts
   Orc:2: 1900 daAuts
  Lair:2: 1840 daAuts
  Lair:4: 1708 daAuts
  Lair:3: 1652 daAuts
     D:7: 1493 daAuts
    D:11: 1393 daAuts
     D:2: 1299 daAuts
     D:1: 1128 daAuts
     D:6: 1110 daAuts
     D:8: 1110 daAuts
     D:9: 1006 daAuts
     D:4: 984 daAuts
